Map: Prion Terraces

Players

LilDicky

  • Race: Terran Terran
  • League: Diamond

Noumena - Winner!

  • Race: Terran Terran
  • League: Diamond

VOD

http://www.twitch.tv/tumescentpie

Description

Time

  • Played on: Nov. 26, 2015, 11:17 a.m.
  • Length: 4:09
Show
View Real Time Build Order
Export as new Build Order

LilDicky Terran 

Build Orders:  

Get SALT Encoding   

  12  0:01  SCV  
  13  0:13  SCV  
  14  0:17  Supply Depot  
  14  0:25  SCV  
  15  0:29  Refinery  
  15  0:39  SCV  
  16  0:45  Barracks  
  16  0:51  SCV  
  17  1:06  SCV  
  17  1:08  Barracks  
  18  1:22  Barracks  
  18  1:24  SCV  
  19  1:34  Reaper  
  19  1:39  Refinery  
  20  1:47  Orbital Command  
  20  1:55  Supply Depot  
  20  1:59  Reaper  
  21  2:07  Reaper  
  22  2:13  Reaper  
  23  2:17  SCV  
  24  2:27  Supply Depot  
  24  2:29  SCV  
  25  2:31  Reaper  
  26  2:39  Reaper  
  27  2:51  Reaper  
  28  3:04  SCV  
  29  3:07  Supply Depot  
  25  3:27  Marine x2  
  27  3:39  Factory  
  29  3:45  Command Center  
  29  3:47  Barracks Tech Lab  
  27  3:49  Barracks Tech Lab  
  25  3:57  SCV  
  25  4:05  Barracks Reactor  
Show
View Real Time Build Order
Export as new Build Order

Noumena Terran - Winner!

Build Orders:  

Get SALT Encoding   

  12  0:01  SCV  
  13  0:13  SCV  
  14  0:18  Supply Depot  
  14  0:25  SCV  
  15  0:39  SCV  
  15  0:41  Barracks  
  16  1:02  SCV  
  17  1:12  Command Center  
  17  1:16  SCV  
  18  1:21  Refinery  
  18  1:28  Marine  
  19  1:36  Orbital Command  
  19  1:51  Marine  
  20  1:55  Barracks  
  20  1:58  Supply Depot  
  20  2:03  SCV  
  21  2:09  Marine  
  22  2:21  SCV  
  23  2:26  Orbital Command  
  23  2:30  Reaper, Bunker  
  24  2:37  SCV  
  24  2:42  Refinery  
  25  2:52  Reaper  
  25  2:53  SCV  
  27  3:03  Reaper  
  27  3:04  SCV  
  29  3:24  Reaper  
  29  3:26  SCV x2  
  32  3:30  Command Center  
  32  3:37  Factory  
  32  3:38  SCV  
  33  3:50  SCV  
  33  3:57  SCV  
Tags
 
Add a new tag
Caveats
  • Supply blocks, unpowered buildings, or Contaminate may cause inaccurate times.
  • Supply counts are checked every 10 seconds.